Map: Ascension to Aiur LE

Players

IIIIIIIIIIII - Winner!

  • Race: Protoss Protoss
  • League: Grandmaster
  • Spawn Location: 5:00

scaredboy

  • Race: Zerg Zerg
  • League: Master
  • Spawn Location: 11:00

VOD

Have the link to the VOD?

Description

Time

  • Played on: July 10, 2017, 1:54 a.m.
  • Length: 7:46
Show
View Real Time Build Order
Export as new Build Order

IIIIIIIIIIII Protoss - Winner!

Build Orders: 1 Gate Expand 

Get SALT Encoding   

  12  0:01  Probe (Chrono Boost)  
  13  0:11  Probe (Chrono Boost)  
  14  0:17  Pylon  
  14  0:22  Probe (Chrono Boost)  
  15  0:35  Probe (Chrono Boost)  
  16  0:36  Gateway  
  16  0:42  Assimilator  
  16  0:46  Probe (Chrono Boost)  
  17  0:56  Probe (Chrono Boost)  
  18  1:07  Probe (Chrono Boost)  
  19  1:18  Nexus  
  19  1:21  Probe (Chrono Boost)  
  20  1:31  Cybernetics Core  
  20  1:34  Probe (Chrono Boost)  
  21  1:40  Assimilator  
  21  1:45  Probe (Chrono Boost)  
  22  1:51  Pylon  
  22  1:55  Probe (Chrono Boost)  
  23  2:08  Warp Gate  
  23  2:09  Probe, Stalker (Chrono Boost)  
  26  2:22  Mothership Core (Chrono Boost)  
  28  2:29  Probe (Chrono Boost)  
  31  2:41  Probe (Chrono Boost), Twilight Council  
  31  2:42  Probe (Chrono Boost)  
  33  2:50  Adept  
  34  2:51  Probe (Chrono Boost)  
  34  2:53  Probe (Chrono Boost)  
  35  3:02  Probe (Chrono Boost)  
  35  3:03  Probe (Chrono Boost)  
  37  3:06  Robotics Facility  
  37  3:12  Probe (Chrono Boost)  
  38  3:14  Probe (Chrono Boost)  
  38  3:18  Adept  
  41  3:23  Probe (Chrono Boost)  
  41  3:24  Probe (Chrono Boost)  
  41  3:26  Gateway  
  43  3:33  Probe (Chrono Boost)  
  44  3:37  Probe (Chrono Boost)  
  44  3:38  Gateway  
  45  3:45  Probe (Chrono Boost)  
  45  3:48  Gateway  
  46  3:52  Pylon  
  46  3:53  Pylon  
  46  4:04  Resonating Glaives (Chrono Boost)  
  46  4:06  Assimilator  
  46  4:09  Probe  
  46  4:10  Warp Prism, Assimilator  
  46  4:11  Probe  
  50  4:19  Forge  
  50  4:20  Probe  
  50  4:23  Probe  
  52  4:30  Probe  
  52  4:35  Nexus  
  52  4:37  Probe  
  54  4:41  Probe  
  54  4:45  Adept x2  
  59  4:48  Adept  
  59  4:50  Observer  
  62  4:55  Protoss Ground Weapons Level 1 (Chrono Boost)  
  62  4:58  Pylon  
  62  5:01  Pylon  
  62  5:10  Pylon  
  62  5:16  Probe x2  
  64  5:21  Adept x4  
  64  5:28  Probe x2  
  73  5:32  Robotics Bay  
  74  5:41  Adept  
  74  5:42  Adept x3  
  80  5:55  Immortal  
  80  5:56  Probe x2  
  86  6:01  Probe  
  83  6:08  Probe  
  80  6:14  Adept x4  
  80  6:17  Probe  
  88  6:18  Probe  
  82  6:33  Disruptor  
  82  6:38  Stalker x4  
  93  6:40  Gateway  
  93  6:41  Gateway  
  87  6:55  Pylon  
  87  6:58  Probe x2  
  87  6:59  Pylon  
  87  7:01  Pylon  
  85  7:10  Stalker  
  85  7:11  Stalker x3  
  85  7:12  Disruptor (Chrono Boost)  
  85  7:14  Probe  
  91  7:16  Probe  
  92  7:27  Gateway  
  92  7:28  Gateway  
  92  7:40  Sentry x4  
  92  7:42  Adept x2  
Show
View Real Time Build Order
Export as new Build Order

scaredboy Zerg 

Build Orders: Hatch First 

Get SALT Encoding   

  12  0:01  Drone  
  13  0:13  Overlord  
  13  0:17  Drone  
  14  0:32  Drone x2  
  16  0:35  Drone  
  17  0:53  Hatchery  
  16  0:59  Drone  
  16  1:02  Drone  
  18  1:04  Extractor  
  17  1:16  Spawning Pool  
  16  1:20  Drone  
  16  1:22  Drone  
  18  1:29  Drone  
  19  1:48  Overlord  
  19  1:55  Drone  
  20  2:05  Queen x2, Drone  
  25  2:08  Metabolic Boost  
  25  2:12  Zergling x2  
  25  2:14  Zergling x2  
  27  2:21  Drone  
  28  2:25  Drone  
  29  2:34  Drone x2  
  31  2:45  Hatchery  
  31  2:50  Pneumatized Carapace  
  30  2:57  Overlord  
  30  3:03  Overlord  
  30  3:12  Overlord x2  
  30  3:17  Zergling x4  
  30  3:18  Drone  
  33  3:20  Drone  
  33  3:22  Drone  
  33  3:25  Drone  
  36  3:31  Drone  
  36  3:32  Drone x2  
  38  3:35  Drone  
  38  3:42  Drone x2  
  38  3:46  Overlord  
  41  3:48  Drone  
  41  3:53  Drone x2  
  41  3:54  Drone  
  44  3:58  Drone x2  
  44  3:59  Drone  
  46  4:04  Lair  
  46  4:09  Drone x3  
  49  4:12  Drone x2  
  51  4:18  Roach Warren  
  51  4:20  Extractor  
  51  4:22  Queen  
  51  4:30  Overlord x2  
  51  4:37  Overlord  
  51  4:46  Drone  
  52  4:57  Roach x5  
  52  4:58  Roach x6  
  74  5:03  Zergling x2  
  74  5:04  Zergling x4  
  77  5:07  Zergling x4  
  77  5:10  Glial Reconstitution  
  77  5:12  Zergling x4  
  81  5:17  Overlord  
  81  5:23  Zergling x12  
  81  5:24  Zergling x2  
  81  5:26  Overseer  
  88  5:30  Zergling x2  
  88  5:31  Zergling x2  
  87  5:39  Roach  
  87  5:40  Queen x2  
  87  5:41  Roach  
  91  5:44  Roach  
  91  5:45  Roach  
  91  5:49  Roach x2  
  96  5:55  Roach  
  96  6:01  Roach  
  96  6:03  Roach  
  96  6:04  Zergling x4  
  90  6:12  Roach  
  90  6:17  Roach  
  89  6:26  Roach, Zergling x4  
  89  6:27  Zergling x2, Roach  
  89  6:32  Roach  
  90  6:36  Roach  
  92  6:40  Zergling x4, Queen  
  92  6:41  Queen  
  92  6:43  Queen  
  97  6:49  Roach  
  97  6:52  Roach  
  97  6:53  Zergling x6  
  96  6:54  Zergling x2  
  94  7:05  Roach  
  96  7:09  Zergling x2  
  97  7:18  Overlord x2  
  97  7:23  Overlord  
Tags
 
Add a new tag
Caveats
  • Supply blocks, unpowered buildings, or Contaminate may cause inaccurate times.
  • Supply counts are checked every 10 seconds.